 Dungeon Crawl Stone Soup version 0.27-a0-1248-g57ac2eb73c (webtiles) character file.

Game seed: 16909130953309825757

917 HAL9000 the Cleaver (level 7, -7/58 HPs)
             Began as a Palentonga Fighter on June 10, 2021.
             Was an Initiate of Wu Jian.
             Mangled by Blork the orc
             ... wielding a +0 battleaxe
              (14 damage)
             ... on level 5 of the Dungeon.
             The game lasted 00:05:18 (4406 turns).

HAL9000 the Cleaver (Palentonga Fighter)            Turns: 4406, Time: 00:05:19

Health: -7/58      AC: 15    Str: 20    XL:     7   Next: 83%
Magic:  7/7        EV:  6    Int:  9    God:    Wu Jian [......]
Gold:   153        SH:  8    Dex: 10    Spells: 4/6 levels left

rFire    . . .     SeeInvis +   a - +0 war axe
rCold    + . .     Faith    .   c - +0 kite shield
rNeg     . . .     Spirit   .   p - +3 leather armour {rC+}
rPois    .         Reflect  .   (no helmet)
rElec    .         Harm     .   (no cloak)
rCorr    .         Rampage  .   k - +0 pair of gloves
Will     .....                  (no barding)
Stlth    +.........             (no amulet)
HPRegen  0.19/turn              (no ring)
MPRegen  0.10/turn              (no ring)

@: mighty, curled up
A: large, rugged brown scales 3, see invisible, deformed body, roll 1, armoured
tail, reflexive curl
a: Rolling Charge, Renounce Religion


You were on level 5 of the Dungeon.
You worshipped Wu Jian.
Wu Jian was noncommittal.
You visited 1 branch of the dungeon, and saw 5 of its levels.

You collected 153 gold pieces.

Inventory:

Hand Weapons
 a - a +0 war axe (weapon)
Armour
 c - a +0 kite shield (worn)
 k - a +0 pair of gloves (worn)
 p - a +3 leather armour of cold resistance (worn)
Jewellery
 o - a ring of flight
Scrolls
 e - a scroll of immolation {unknown}
 g - 2 scrolls of enchant armour
 h - a scroll of identify
 i - a scroll of vulnerability {unknown}
 l - a scroll of acquirement {unknown}
 m - 2 scrolls of teleportation
 n - a scroll of silence {unknown}
Potions
 f - a potion of flight
 j - 3 potions of curing


   Skills:
 + Level 4.5 Fighting
 * Level 8.4 Axes
 - Level 2.4 Armour
 - Level 2.7 Shields


You had 4 spell levels left.
You knew the following spells:

 Your Spells              Type           Power      Damage    Failure   Level
a - Blink                 Tloc           N/A        N/A       95%         2

Your spell library contained the following spells:

 Spells                   Type           Power      Damage    Failure   Level
 Corona                   Hex            0%         N/A       88%         1
 Foxfire                  Conj/Fire      0%         2x1d4     88%         1
 Magic Dart               Conj           0%         1d3       88%         1
 Summon Small Mammal      Summ           0%         N/A       88%         1
 Call Imp                 Summ           0%         N/A       95%         2
 Slow                     Hex            0%         N/A       95%         2
 Call Canine Familiar     Summ           0%         N/A       99%         3
 Conjure Flame            Conj/Fire      0%         6-21      99%         3
 Inner Flame              Hex/Fire       0%         N/A       99%         3
 Mephitic Cloud           Conj/Pois/Air  0%         N/A       99%         3
 Portal Projectile        Hex/Tloc       0%         N/A       99%         3
 Summon Guardian Golem    Hex/Summ       0%         N/A       99%         3
 Cause Fear               Hex            0%         N/A       100%        4
 Leda's Liquefaction      Hex/Erth       0%         N/A       100%        4
 Sticky Flame             Conj/Fire      0%         2d3       100%        4
 Summon Ice Beast         Ice/Summ       0%         N/A       100%        4
 Summon Lightning Spire   Summ/Air       0%         N/A       100%        4
 Fireball                 Conj/Fire      0%         3d3       100%        5


Dungeon Overview and Level Annotations

Branches:
Dungeon (5/15)
 Temple: D:4-7

Altars:
Cheibriados
Gozag
Qazlal
Wu Jian

Annotations:
D:3 2 runed translucent doors, Delamore's ghost, novice FoFi
D:5 Blork the orc


Innate Abilities, Weirdness & Mutations

You are completely covered in rugged brown scales. (AC +3, +7% HP)
You have supernaturally acute eyesight. (SInv)
Armour fits poorly on your strangely shaped body.
You can roll at nearby foes to attack.
You have a long armoured tail.
You curl defensively after being hit.


Message History

You closely miss Pikel.
Pikel is moderately wounded.
Blork the orc mumbles some strange words.
Blork the orc seems to speed up.
Pikel hits you with a +0 whip of freezing.
You slash Pikel!
Pikel is heavily wounded.
Blork the orc looks encouraged for a moment.
Pikel hits you with a +0 whip of freezing!
You block Pikel's attack.
You closely miss Pikel.
Pikel is heavily wounded.
Pikel hits you with a +0 whip of freezing.
Pikel freezes you.
You slash Pikel!
Pikel is severely wounded.
Blork the orc looks satisfied for a moment.
Pikel hits you with a +0 whip of freezing!
* * * LOW HITPOINT WARNING * * *
Pikel freezes you.
* * * LOW HITPOINT WARNING * * *
You closely miss Pikel. You tail-slap Pikel!
You kill Pikel!
The Council accepts your kill.
With Pikel's spell broken, his former minions thank you for their freedom.
The lemure departs this earthly plane. x4
Your life force feels restored.
Your Fighting skill increases to level 4!
Your Axes skill gained 2 levels and is now at level 8!
You have reached level 7!
You now curl defensively after being hit.
You lunge at Blork the orc.
You closely miss Blork the orc.
Blork the orc hits you with a +0 battleaxe.
* * * LOW HITPOINT WARNING * * *
You block Blork the orc's attack.
Items here: ! ) / [ †.
You slash Blork the orc!
Blork the orc is moderately wounded.
Blork the orc hits you with a +0 battleaxe!
You die...

#### ... ##.###
#######.....
...(.....#
.#.#.##..#
.#.##....#
########..#
.#......##
#....@o§§#
#####.#.#
#.#####§.#
.#......# #.# #
.#.##.#.# #.#
.....##.####.####
.###.#..........#..
##
##.###........... #
## ##..........
#..........


You could see Blork the orc (fast).

Vanquished Creatures
  Pikel (D:5)
  A black bear (D:4)
  A kobold brigand (D:4)
  A scorpion (D:4)
  A bullfrog zombie (D:5)
  Jessica (D:2)
  An iguana (D:5)
  An orc wizard (D:3)
  A killer bee zombie (D:5)
  3 adders
  An adder skeleton (D:4)
  4 worms
  2 dart slugs
  7 orcs
  2 bats (D:2)
  5 endoplasms
  4 giant cockroaches
  4 goblins
  3 hobgoblins
  2 jackals (D:1)
  6 kobolds
  2 quokkas (D:2)
  4 ball pythons
  2 frilled lizards
  9 rats
69 creatures vanquished.

Notes
Turn   | Place    | Note
-------+----------+-------------------------------------------
     0 | D:1      | HAL9000 the Palentonga Fighter began the quest for the Orb.
     0 | D:1      | Reached XP level 1. HP: 19/19 MP: 1/1
   175 | D:1      | Reached XP level 2. HP: 25/25 MP: 2/2
   264 | D:1      | Found a faded altar of an unknown god.
   543 | D:2      | Reached skill level 3 in Axes
   559 | D:2      | Noticed Jessica
   566 | D:2      | Killed Jessica
   567 | D:2      | Reached XP level 3. HP: 29/31 MP: 3/3
   787 | D:2      | Found a stormy altar of Qazlal.
  1026 | D:2      | Reached XP level 4. HP: 32/37 MP: 4/4
  1179 | D:2      | Reached skill level 4 in Axes
  1674 | D:3      | Found a runed translucent door.
  1676 | D:3      | Noticed Delamore's ghost (novice FoFi)
  2556 | D:3      | Found a runed translucent door.
  2771 | D:4      | Reached XP level 5. HP: 41/43 MP: 5/5
  2808 | D:4      | Reached skill level 5 in Axes
  3027 | D:4      | Noticed a black bear
  3041 | D:4      | Killed a black bear
  3042 | D:4      | Reached XP level 6. HP: 37/51 MP: 6/6
  3092 | D:4      | Reached skill level 6 in Axes
  3578 | D:4      | Found an opulent altar of Gozag.
  3613 | D:4      | Found a snail-covered altar of Cheibriados.
  3613 | D:4      | Found an ornate altar of the Wu Jian Council.
  3682 | D:4      | Became a worshipper of the Wu Jian Council
  3794 | D:4      | Learned a level 2 spell: Blink
  4006 | D:5      | Entered Level 5 of the Dungeon
  4390 | D:5      | Noticed Pikel
  4394 | D:5      | Noticed Blork the orc
  4404 | D:5      | Killed Pikel
  4405 | D:5      | Reached skill level 8 in Axes
  4405 | D:5      | Gained mutation: You curl defensively after being hit.
                  | [Palentonga growth]
  4405 | D:5      | Reached XP level 7. HP: 12/58 MP: 7/7
  4406 | D:5      | Mangled by Blork the orc

Illustrated notes

Levels and vault maps discovered:
D:1:      dpeg_arrival_short_road, layout_basic,
          ebering_ecumenical_altar_sacrificial, minmay_pentomino_q2
D:2:      layout_basic, basic_altar, uniq_jessica
D:3:      layout_basic, nicolae_overflow_hidden_temple, ebering_ghost_sewer_f
D:4:      layout_basic, minitemple
D:5:      layout_loops_ring, uniq_eustachio, uniq_pikel, uniq_edmund,
          uniq_crazy_yiuf_cottage, uniq_blork_the_orc

Skill      XL: |  1  2  3  4  5  6 |
---------------+-------------------+-----
Axes           | 3 4 5 8 |  8.4
Fighting       | 4 |  4.5
Armour         | |  2.4
Shields        | |  2.7

Action                   |  1- 3 |  4- 6 |  7- 9 || total
-------------------------+-------+-------+-------++-------
Melee: War axe           |    72 |   134 |     2 ||   208
       Tailslap          |     5 |    16 |       ||    21
Invok: Lunge             |       |     3 |     1 ||     4
 Abil: Rolling Charge    |       |     1 |       ||     1
  Use: Scroll            |       |     3 |       ||     3
       Potion            |       |     1 |       ||     1
Armor: Scale mail        |    38 |    42 |       ||    80
       Leather armour    |       |     3 |       ||     3
Dodge: Dodged            |    21 |    28 |       ||    49
Block: Kite shield       |    40 |    60 |     1 ||   101

Table legend: (Time is in decaauts)
 A = Elapsed time spent in this place.
 B = Non-inter-level travel time spent in this place.
 C = Inter-level travel time spent in this place.
 D = Time resting spent in this place.
 E = Time spent auto-exploring this place.
 F = Levels seen in this place.
 G = Mean time per level.
                   A        B        C        D        E       F      G
               +--------+--------+--------+--------+--------+-----+--------+
         Total |   4505 |   4364 |    141 |   1225 |   2582 |   5 |  901.0 |
       Dungeon |   4505 |   4364 |    141 |   1225 |   2582 |   5 |  901.0 |
               +--------+--------+--------+--------+--------+-----+--------+

Top non-repeatable levels by time:
     D:4: 1412 daAuts
     D:3: 1180 daAuts
     D:2: 943 daAuts
     D:1: 557 daAuts
     D:5: 410 daAuts
